| TOP OF THE 1ST |
|
Pittsburgh Pirates batting - Pitching for Milwaukee Brewers : RHP Cody Autry
|
|
Pitching: RHP Cody Autry
|
|
|
Batting: RHB Jeckel Hester
|
0-0: Ball 1-0: SINGLE (Line Drive, 89S, EV 90.0 MPH)
|
|
Batting: SHB Marvin McAleer
|
0-0: Ball 1-0: Ball 2-0: Called Strike 2-1: Swinging Strike 2-2: Foul Ball, location: 2F 2-2: Strikes out swinging
|
|
Batting: RHB Vincent Poopwell
|
0-0: Ball Jeckel Hester steals 2nd base 1-0: Ball Jeckel Hester steals 3rd base 2-0: Foul Ball, location: 2F 2-1: Ball 3-1: TRIPLE (Groundball, 3L, EV 102.5 MPH) Jeckel Hester scores
|
|
Batting: LHB Theodore Conboy
|
0-0: Fly out, F6 (Popup, 4S, EV 79.4 MPH)
|
|
Batting: RHB Steve Jordan
|
0-0: Swinging Strike 0-1: Ball 1-1: Ball 2-1: Foul Ball, location: 2F 2-2: Fly out, F9 (Line Drive, 9, EV 85.0 MPH)
|
| Top of the 1st over - 1 run, 2 hits, 0 errors, 1 left on base; Pittsburgh 1 - Milwaukee 0 |
| BOTTOM OF THE 1ST |
|
Milwaukee Brewers batting - Pitching for Pittsburgh Pirates : RHP Vince Scripp
|
|
Pitching: RHP Vince Scripp
|
|
|
Batting: RHB Daniel Donovan
|
0-0: Ball 1-0: Ball 2-0: Ball 3-0: Base on Balls
|
|
Batting: RHB Adrian Rudkilde
|
0-0: Called Strike 0-1: Ball 1-1: Ball 2-1: Ball 3-1: DOUBLE (Line Drive, 7LM, EV 98.1 MPH) Daniel Donovan to third
|
|
Batting: SHB Jason Woods
|
0-0: Ball 1-0: Called Strike 1-1: Fly out, F9 (Flyball, 89XD, EV 108.1 MPH) Runner from 3rd tags up, SCORES, no throw by RF Adrian Rudkilde to third
|
|
Batting: RHB Bobby Muniz
|
0-0: Ball 1-0: Foul Ball, location: 2F 1-1: Ball 2-1: Foul Ball, location: 2F 2-2: Ground out 4-3 (Groundball, 4, EV 100.0 MPH) Adrian Rudkilde scores
|
|
Batting: LHB Jeff Taylor
|
0-0: Ball 1-0: Ball 2-0: Ball 3-0: Base on Balls
|
|
Batting: RHB Adriaan Pieters
|
0-0: Ball 1-0: SINGLE (Line Drive, 9S, EV 96.9 MPH) Jeff Taylor to second Runner from 2nd tries for 3rd, SAFE, throw by RF made to third
|
|
Batting: SHB Jean-François Bernard
|
0-0: Swinging Strike 0-1: Ball 1-1: Ball 2-1: Foul Ball, location: 2F 2-2: Ball 3-2: SINGLE (Line Drive, 8RS, EV 91.3 MPH) Jeff Taylor scores Adriaan Pieters to second Adriaan Pieters to third
|
|
Batting: LHB Jeremy Kuiper
|
0-0: Called Strike 0-1: Ball 1-1: Foul Ball, location: 2F 1-2: Foul Ball, location: 2F 1-2: Foul Ball, location: 2F 1-2: Fly out, F8 (Flyball, 8LD, EV 102.5 MPH)
|
| Bottom of the 1st over - 3 runs, 3 hits, 0 errors, 2 left on base; Pittsburgh 1 - Milwaukee 3 |
| TOP OF THE 2ND |
|
Pittsburgh Pirates batting - Pitching for Milwaukee Brewers : RHP Cody Autry
|
|
Batting: RHB Tommie Eaton
|
0-0: Foul Ball, location: 2F 0-1: Ball 1-1: Ball 2-1: Called Strike 2-2: Foul Ball, location: 2F 2-2: Foul Ball, location: 2F 2-2: Fly out, F9 (Flyball, 9LS, EV 80.6 MPH)
|
|
Batting: RHB Andrew Robinson
|
0-0: Ball 1-0: Ball 2-0: Swinging Strike 2-1: Ball 3-1: Ground out 5-3 (Groundball, 56S, EV 76.9 MPH)
|
|
Batting: RHB Raul Mendoza
|
0-0: Foul Ball, location: 2F 0-1: Ball 1-1: Foul Ball, location: 2F 1-2: Ball 2-2: Strikes out looking
|
| Top of the 2nd over - 0 runs, 0 hits, 0 errors, 0 left on base; Pittsburgh 1 - Milwaukee 3 |
| BOTTOM OF THE 2ND |
|
Milwaukee Brewers batting - Pitching for Pittsburgh Pirates : RHP Vince Scripp
|
|
Batting: RHB Jason Gee
|
0-0: Ball 1-0: Bunted foul 1-1: Foul Ball, location: 2F 1-2: DOUBLE (Line Drive, 7LD, EV 106.9 MPH)
|
|
Batting: RHB Daniel Donovan
|
0-0: Swinging Strike 0-1: Ground out 6-3 (Groundball, 6, EV 90.6 MPH) Jason Gee to third
|
|
Batting: RHB Adrian Rudkilde
|
0-0: Ground out 6-3 (Groundball, 56, EV 100.0 MPH) Jason Gee scores
|
|
Batting: SHB Jason Woods
|
0-0: Ball 1-0: Fly out, F6 (Flyball, 4MD, EV 91.3 MPH)
|
| Bottom of the 2nd over - 1 run, 1 hit, 0 errors, 0 left on base; Pittsburgh 1 - Milwaukee 4 |
| TOP OF THE 3RD |
|
Pittsburgh Pirates batting - Pitching for Milwaukee Brewers : RHP Cody Autry
|
|
Batting: RHB Lupe Covarrubias
|
0-0: Ball 1-0: Ball 2-0: Called Strike 2-1: SINGLE (Groundball, 4M, EV 106.3 MPH)
|
|
Batting: RHB Jeckel Hester
|
0-0: Ball 1-0: Grounds into double play, 5-4-3 (Groundball, 56D, EV 88.1 MPH)
|
|
Batting: SHB Marvin McAleer
|
0-0: Ball 1-0: Ball 2-0: Ball 3-0: Called Strike 3-1: Called Strike 3-2: Foul Ball, location: 2F 3-2: Base on Balls
|
|
Batting: RHB Vincent Poopwell
|
0-0: Called Strike 0-1: Ball Marvin McAleer is caught stealing 2nd base 2-4
|
| Top of the 3rd over - 0 runs, 1 hit, 0 errors, 0 left on base; Pittsburgh 1 - Milwaukee 4 |
| BOTTOM OF THE 3RD |
|
Milwaukee Brewers batting - Pitching for Pittsburgh Pirates : RHP Vince Scripp
|
|
Batting: RHB Bobby Muniz
|
0-0: SINGLE (Flyball, 3D, EV 86.3 MPH)
|
|
Batting: LHB Jeff Taylor
|
0-0: Called Strike 0-1: Called Strike 0-2: Ball 1-2: Strikes out swinging
|
|
Batting: RHB Adriaan Pieters
|
0-0: Ball 1-0: Swinging Strike 1-1: DOUBLE (Flyball, 89XD, EV 115.6 MPH) Bobby Muniz to third
|
|
Batting: SHB Jean-François Bernard
|
0-0: Called Strike 0-1: Foul Ball, location: 2F 0-2: Strikes out swinging
|
|
Batting: LHB Jeremy Kuiper
|
0-0: Called Strike 0-1: TRIPLE (Line Drive, 78XD, EV 107.5 MPH) Bobby Muniz scores Adriaan Pieters scores
|
|
Pitching: RHP Josh Allport
|
|
|
Batting: RHB Jason Gee
|
0-0: Ground out 6-3 (Groundball, 6, EV 78.1 MPH)
|
| Bottom of the 3rd over - 2 runs, 3 hits, 0 errors, 1 left on base; Pittsburgh 1 - Milwaukee 6 |
| TOP OF THE 4TH |
|
Pittsburgh Pirates batting - Pitching for Milwaukee Brewers : RHP Cody Autry
|
|
Batting: RHB Vincent Poopwell
|
0-0: Fly out, F9 (Flyball, 89S, EV 88.1 MPH)
|
|
Batting: LHB Theodore Conboy
|
0-0: Ball 1-0: Ball 2-0: SINGLE (Line Drive, 89S, EV 90.6 MPH)
|
|
Batting: RHB Steve Jordan
|
0-0: Called Strike 0-1: Ball Theodore Conboy steals 2nd base 1-1: Hit by Pitch
|
|
Batting: RHB Tommie Eaton
|
0-0: Fly out, F3 (Popup, 23F, EV 77.5 MPH)
|
|
Batting: RHB Andrew Robinson
|
0-0: Called Strike 0-1: SINGLE (Groundball, 56, EV 110.6 MPH) (infield hit) Theodore Conboy to third Steve Jordan to second
|
|
Batting: RHB Raul Mendoza
|
0-0: GRAND SLAM HOME RUN (Flyball, 78XD, EV 111.9 MPH), Distance : 408 ft
|
|
Pitching: LHP Jamie Blake
|
|
|
Batting: RHB Lupe Covarrubias
|
0-0: Ball 1-0: Swinging Strike 1-1: Swinging Strike 1-2: Strikes out swinging
|
| Top of the 4th over - 4 runs, 3 hits, 0 errors, 0 left on base; Pittsburgh 5 - Milwaukee 6 |
| BOTTOM OF THE 4TH |
|
Milwaukee Brewers batting - Pitching for Pittsburgh Pirates : RHP Josh Allport
|
|
Batting: RHB Daniel Donovan
|
0-0: Called Strike 0-1: Called Strike 0-2: Hit by Pitch
|
|
Batting: RHB Adrian Rudkilde
|
0-0: Called Strike 0-1: Ball 1-1: Called Strike 1-2: Ball 2-2: SINGLE (Line Drive, 56D, EV 100.0 MPH) Daniel Donovan to second
|
|
Pitching: RHP Curt Campbell
|
|
|
Batting: SHB Jason Woods
|
0-0: Called Strike 0-1: Ball 1-1: Ball 2-1: Called Strike 2-2: 3-RUN HOME RUN (Flyball, 89XD, EV 105.0 MPH), Distance : 411 ft
|
|
Batting: RHB Bobby Muniz
|
0-0: Foul Ball, location: 2F 0-1: Foul Ball, location: 2F 0-2: Ball 1-2: Ball 2-2: Ball 3-2: Foul Ball, location: 2F 3-2: Base on Balls
|
|
Batting: LHB Jeff Taylor
|
0-0: Ball 1-0: Ball 2-0: Called Strike 2-1: Ball 3-1: Foul Ball, location: 2F 3-2: Base on Balls Bobby Muniz to second
|
|
Batting: RHB Adriaan Pieters
|
0-0: Ball 1-0: Grounds into double play, 4-6-3 (Groundball, 4, EV 101.9 MPH) Bobby Muniz to third
|
|
Batting: SHB Jean-François Bernard
|
0-0: Called Strike 0-1: Foul Ball, location: 2F 0-2: Ball 1-2: Strikes out swinging
|
| Bottom of the 4th over - 3 runs, 2 hits, 0 errors, 1 left on base; Pittsburgh 5 - Milwaukee 9 |
| TOP OF THE 5TH |
|
Pittsburgh Pirates batting - Pitching for Milwaukee Brewers : LHP Jamie Blake
|
|
Batting: RHB Jeckel Hester
|
0-0: Called Strike 0-1: Ball 1-1: Ball 2-1: Ball 3-1: Called Strike 3-2: Foul Ball, location: 2F 3-2: Ground out 4-3 (Groundball, 4, EV 85.0 MPH)
|
|
Batting: SHB Marvin McAleer
|
0-0: Ball 1-0: SOLO HOME RUN (Flyball, 78XD, EV 103.8 MPH), Distance : 397 ft
|
|
Batting: RHB Vincent Poopwell
|
0-0: Ball 1-0: Foul Ball, location: 2F 1-1: Called Strike 1-2: SINGLE (Line Drive, 9LS, EV 98.8 MPH)
|
|
Batting: LHB Theodore Conboy
|
0-0: Called Strike Vincent Poopwell steals 2nd base (no throw) 0-1: Ball 1-1: Fly out, F8 (Line Drive, 8LM, EV 107.5 MPH)
|
|
Batting: RHB Steve Jordan
|
0-0: Fly out, F9 (Flyball, 89D, EV 96.9 MPH)
|
| Top of the 5th over - 1 run, 2 hits, 0 errors, 1 left on base; Pittsburgh 6 - Milwaukee 9 |
| BOTTOM OF THE 5TH |
|
Milwaukee Brewers batting - Pitching for Pittsburgh Pirates : RHP Curt Campbell
|
|
Batting: LHB Jeremy Kuiper
|
0-0: Ball 1-0: Called Strike 1-1: Foul Ball, location: 2F 1-2: Ball 2-2: Ball 3-2: Fly out, F7 (Flyball, 78XD, EV 96.9 MPH)
|
|
Batting: RHB Jason Gee
|
0-0: Called Strike 0-1: Ball 1-1: Swinging Strike 1-2: Ground out 6-3 (Groundball, 6, EV 105.0 MPH)
|
|
Batting: RHB Daniel Donovan
|
0-0: Called Strike 0-1: Ball 1-1: Called Strike 1-2: Ball 2-2: Foul Ball, location: 2F 2-2: Ball 3-2: Foul Ball, location: 2F 3-2: Foul Ball, location: 2F 3-2: SINGLE (Groundball, 34D, EV 95.6 MPH)
|
|
Batting: RHB Adrian Rudkilde
|
0-0: Ball 1-0: Ball Daniel Donovan steals 2nd base 2-0: Called Strike 2-1: Ball 3-1: Called Strike 3-2: Base on Balls
|
|
Batting: SHB Jason Woods
|
0-0: Ball 1-0: DOUBLE (Line Drive, 8LXD, EV 106.9 MPH) Daniel Donovan scores Adrian Rudkilde to third
|
|
Batting: RHB Bobby Muniz
|
0-0: Called Strike 0-1: Fly out, F9 (Flyball, 9D, EV 104.4 MPH)
|
| Bottom of the 5th over - 1 run, 2 hits, 0 errors, 2 left on base; Pittsburgh 6 - Milwaukee 10 |
| TOP OF THE 6TH |
|
Pittsburgh Pirates batting - Pitching for Milwaukee Brewers : LHP Jamie Blake
|
|
Batting: RHB Tommie Eaton
|
0-0: Called Strike 0-1: Ball 1-1: Called Strike 1-2: Ball 2-2: Ball 3-2: Ground out 6-3 (Groundball, 6, EV 86.9 MPH)
|
|
Batting: RHB Andrew Robinson
|
0-0: Fly out, F8 (Flyball, 8LS, EV 80.0 MPH)
|
|
Batting: RHB Raul Mendoza
|
0-0: Swinging Strike 0-1: Called Strike 0-2: Ball 1-2: Ball 2-2: Foul Ball, location: 2F 2-2: Strikes out swinging
|
| Top of the 6th over - 0 runs, 0 hits, 0 errors, 0 left on base; Pittsburgh 6 - Milwaukee 10 |
| BOTTOM OF THE 6TH |
|
Milwaukee Brewers batting - Pitching for Pittsburgh Pirates : RHP Curt Campbell
|
|
Batting: LHB Jeff Taylor
|
0-0: Ball 1-0: Ball 2-0: Called Strike 2-1: Ball 3-1: Called Strike 3-2: Base on Balls
|
|
Pitching: LHP Riichi Yamashita
|
|
|
Batting: RHB Adriaan Pieters
|
0-0: Bunt missed! 0-1: Bunt - Flyout to 23! F3
|
|
Batting: SHB Jean-François Bernard
|
0-0: Ball 1-0: Swinging Strike 1-1: Foul Ball, location: 2F 1-2: Ball 2-2: Ball 3-2: Fly out, F4 (Popup, 4, EV 73.8 MPH)
|
|
Batting: LHB Jeremy Kuiper
|
0-0: Called Strike 0-1: Foul Ball, location: 2F 0-2: Foul Ball, location: 2F 0-2: Strikes out swinging
|
| Bottom of the 6th over - 0 runs, 0 hits, 0 errors, 1 left on base; Pittsburgh 6 - Milwaukee 10 |
| TOP OF THE 7TH |
|
Pittsburgh Pirates batting - Pitching for Milwaukee Brewers : LHP Jamie Blake
|
|
Pitching: RHP Luis Mejia
|
|
|
Batting: RHB Lupe Covarrubias
|
0-0: Ball 1-0: Foul Ball, location: 2F 1-1: Ball 2-1: SINGLE (Line Drive, 6MD, EV 104.4 MPH)
|
|
Batting: RHB Jeckel Hester
|
0-0: Ball 1-0: Called Strike Pickoff Throw to First - Error! E1 Lupe Covarrubias to second 1-1: Foul Ball, location: 2F 1-2: Ball 2-2: Ground out 3-1 (Groundball, 34, EV 82.5 MPH) Lupe Covarrubias to third
|
|
Batting: SHB Marvin McAleer
|
0-0: Called Strike 0-1: Ball 1-1: Ball 2-1: Ball 3-1: Called Strike 3-2: Base on Balls
|
|
Batting: RHB Vincent Poopwell
|
0-0: Ball Marvin McAleer steals 2nd base 1-0: Foul Ball, location: 2F 1-1: Called Strike 1-2: Strikes out looking
|
|
Batting: LHB Theodore Conboy
|
0-0: Ball 1-0: Ball 2-0: Called Strike 2-1: Foul Ball, location: 2F 2-2: Strikes out looking
|
| Top of the 7th over - 0 runs, 1 hit, 1 error, 2 left on base; Pittsburgh 6 - Milwaukee 10 |
| BOTTOM OF THE 7TH |
|
Milwaukee Brewers batting - Pitching for Pittsburgh Pirates : LHP Riichi Yamashita
|
|
Batting: RHB Jason Gee
|
0-0: Called Strike 0-1: Foul Ball, location: 2F 0-2: Ball 1-2: Ball 2-2: Strikes out looking
|
|
Batting: RHB Daniel Donovan
|
0-0: Ball 1-0: Called Strike 1-1: Swinging Strike 1-2: Ball 2-2: Ball 3-2: DOUBLE (Line Drive, 8RXD, EV 106.3 MPH)
|
|
Batting: RHB Adrian Rudkilde
|
0-0: Called Strike 0-1: Foul Ball, location: 2F 0-2: Strikes out swinging
|
|
Batting: SHB Jason Woods
|
0-0: Called Strike 0-1: Ball 1-1: Foul Ball, location: 2F 1-2: SINGLE (Groundball, 6D, EV 101.3 MPH) Daniel Donovan to third Runner from 3rd tries for Home, SAFE, throw by CF to home
|
|
Batting: RHB Bobby Muniz
|
0-0: Ball 1-0: Ball Jason Woods steals 2nd base 2-0: Ball 3-0: Base on Balls
|
|
Batting: LHB Jeff Taylor
|
0-0: Swinging Strike 0-1: Foul Ball, location: 2F 0-2: Ground out 1-3 (Groundball, 13S, EV 69.4 MPH)
|
| Bottom of the 7th over - 1 run, 2 hits, 0 errors, 2 left on base; Pittsburgh 6 - Milwaukee 11 |
| TOP OF THE 8TH |
|
Pittsburgh Pirates batting - Pitching for Milwaukee Brewers : RHP Luis Mejia
|
|
Batting: RHB Steve Jordan
|
0-0: Ball 1-0: Ball 2-0: Called Strike 2-1: Foul Ball, location: 2F 2-2: Ball 3-2: SOLO HOME RUN (Flyball, 7LD, EV 93.1 MPH), Distance : 358 ft
|
|
Batting: RHB Tommie Eaton
|
0-0: DOUBLE (Line Drive, 78D, EV 109.4 MPH)
|
|
Pitching: RHP Jose Avila
|
|
|
Batting: RHB Andrew Robinson
|
0-0: Ball 1-0: Ball 2-0: Ball 3-0: Called Strike 3-1: Swinging Strike 3-2: Strikes out swinging
|
|
Batting: RHB Raul Mendoza
|
0-0: Called Strike 0-1: Ball 1-1: Swinging Strike 1-2: Ground out 6-3 (Groundball, 56, EV 105.0 MPH)
|
|
Batting: RHB Lupe Covarrubias
|
0-0: Ball 1-0: Ball 2-0: Foul Ball, location: 2F 2-1: Called Strike 2-2: Ball 3-2: Strikes out looking
|
| Top of the 8th over - 1 run, 2 hits, 0 errors, 1 left on base; Pittsburgh 7 - Milwaukee 11 |
| BOTTOM OF THE 8TH |
|
Milwaukee Brewers batting - Pitching for Pittsburgh Pirates : LHP Riichi Yamashita
|
|
Pitching: LHP Jason Salzer
|
|
|
Batting: RHB Adriaan Pieters
|
0-0: Ball 1-0: Fly out, F9 (Flyball, 9S, EV 88.8 MPH)
|
|
Batting: SHB Jean-François Bernard
|
0-0: Ball 1-0: Swinging Strike 1-1: Fly out, F7 (Flyball, 7S, EV 87.5 MPH)
|
|
Batting: LHB Jeremy Kuiper
|
0-0: Swinging Strike 0-1: Ball 1-1: Hit by Pitch
|
|
Batting: RHB Jason Gee
|
0-0: Called Strike 0-1: Swinging Strike 0-2: Ball 1-2: Fielders Choice at 2nd, 6-4 (Groundball, 6, EV 84.4 MPH)
|
| Bottom of the 8th over - 0 runs, 0 hits, 0 errors, 1 left on base; Pittsburgh 7 - Milwaukee 11 |
| TOP OF THE 9TH |
|
Pittsburgh Pirates batting - Pitching for Milwaukee Brewers : RHP Jose Avila
|
|
Pitching: RHP Malibok Fflunker
|
|
|
Batting: RHB Jeckel Hester
|
0-0: SINGLE (Line Drive, 56, EV 103.1 MPH)
|
|
Batting: SHB Marvin McAleer
|
0-0: SINGLE (Line Drive, 89S, EV 110.6 MPH) Jeckel Hester to second
|
|
Pitching: RHP John York
|
|
|
Batting: RHB Vincent Poopwell
|
0-0: Ball 1-0: Ball 2-0: Ground out 5-3 (Groundball, 56S, EV 69.4 MPH) Jeckel Hester to third Marvin McAleer to second
|
|
Batting: LHB Theodore Conboy
|
0-0: Foul Ball, location: 2F 0-1: SINGLE (Line Drive, 6MD, EV 97.5 MPH) Jeckel Hester scores Marvin McAleer to third
|
|
Batting: RHB Steve Jordan
|
0-0: Called Strike 0-1: Foul Ball, location: 2F 0-2: DOUBLE (Line Drive, 3D, EV 93.8 MPH) Marvin McAleer scores Theodore Conboy to third
|
|
Batting: RHB Tommie Eaton
|
0-0: Ball 1-0: Foul Ball, location: 2F 1-1: Ball 2-1: Called Strike 2-2: Foul Ball, location: 2F 2-2: Ball 3-2: Fly out, F8 (Flyball, 8LM, EV 91.3 MPH)
|
|
Batting: RHB Andrew Robinson
|
0-0: Called Strike 0-1: Ground out 6-3 (Groundball, 6, EV 86.9 MPH)
|
| Top of the 9th over - 2 runs, 4 hits, 0 errors, 2 left on base; Pittsburgh 9 - Milwaukee 11 |
|